 Dungeon Crawl Stone Soup version 0.15.0-16-gce31824 (webtiles) character file.

660 Kae the Ruinous (level 7, -4/36 HPs)
             Began as a Tengu Fire Elementalist on Sept 6, 2014.
             Killed from afar by Blork the orc (11 damage)
             ... with a wand of frost
             ... on Level 4 of the Dungeon.
             The game lasted 00:08:37 (5272 turns).

Kae the Ruinous (Tengu Fire Elementalist)           Turns: 5272, Time: 00:08:38

HP  -4/36        AC  2     Str  8      XL: 7   Next: 56%
MP   5/17        EV 12     Int 18      God:
Gold 227         SH  0     Dex 14      Spells:  3 memorised,  7 levels left

rFire  . . .     SeeInvis .     j - +0 spear
rCold  . . .     Clarity  .     a - +0 robe
rNeg   . . .     rCorr    .     (no shield)
rPois  .         rRot     .     (helmet restricted)
rElec  .         Spirit   .     (no cloak)
SustAb .         Warding  .     (no gloves)
rMut   .         Stasis   .     (boots unavailable)
Gourm  .                        (no amulet)
MR     .....                    (no ring)
                                (no ring)

@: not resistant to hostile enchantments, unstealthy
A: able to fly, beak, talons 3
a: Fly


You were on level 4 of the Dungeon.
You were not hungry.

You visited 1 branch of the dungeon, and saw 4 of its levels.

You collected 227 gold pieces.

Inventory:

Hand weapons
 j - a +0 spear (weapon)
Armour
 a - a +0 robe (worn)
 e - a steam dragon hide
Magical devices
 n - a wand of polymorph (13)
Comestibles
 c - 3 bread rations
 k - 2 beef jerkies
 x - a meat ration
Scrolls
 d - 4 scrolls of noise
 f - a scroll of recharging
 h - 2 scrolls of teleportation
 i - 5 scrolls of immolation {unknown}
 l - 2 scrolls of random uselessness {unknown}
 p - 2 scrolls of remove curse {unknown}
 q - a scroll of enchant armour {unknown}
 r - 3 scrolls of identify {unknown}
 v - a scroll of magic mapping {unknown}
Potions
 g - a potion of heal wounds {unknown}
 m - a potion of lignification {unknown}
 o - a potion of restore abilities {unknown}
 s - 2 potions of curing {unknown}
 t - a potion of resistance {unknown}
 u - a potion of confusion {unknown}
 w - a potion of agility
Books
 b - a book of Flames

   Spells                             Type                      Level
   *Flame Tongue                      Conjuration/Fire             1
   *Throw Flame                       Conjuration/Fire             2
   *Conjure Flame                     Conjuration/Fire             3
   Inner Flame                        Hexes/Fire                   3
   Sticky Flame                       Conjuration/Fire             4
   Fireball                           Conjuration/Fire             5


   Skills:
 - Level 2.1 Dodging
 - Level 2.0 Stealth
 + Level 3.7 Spellcasting
 * Level 6.7 Conjurations
 * Level 6.4 Fire Magic


You had 7 spell levels left.
You knew the following spells:

 Your Spells              Type           Power        Failure   Level  Hunger
a - Flame Tongue          Conj/Fire      ####.        1%          1    None
b - Throw Flame           Conj/Fire      ####..       1%          2    ##.....
c - Conjure Flame         Conj/Fire      ####....     3%          3    ###....


Dungeon Overview and Level Annotations

Branches:
Dungeon (4/15)
 Temple: D:4-7

Altars:
Cheibriados
Kikubaaqudgha

Annotations:
D:4 Blork the orc


Innate Abilities, Weirdness & Mutations

You can fly.
You have a beak for a mouth.
You have claws for feet.


Message History

Blork the orc seems to speed up.
Casting: Flame Tongue
Confirm with . or Enter, or press ? or * to list all spells.
Aiming: Conjure Flame
Press: ? - help, Dir - move target cursor, p - Blork the orc The fire roars!
Blork the orc points at you and mumbles some strange words.
The magic dart hits you!
There is an open door, spattered with blood here.
Attack whom?
Press: ? - help, Dir - move target cursor, f - Blork the orc
Aim: Blork the orc, wielding a long sword, wearing a robe and carrying a wand of frost {zapped: 3} (fast)
You reach to attack!
You hit Blork the orc.
Blork the orc is lightly wounded.
Blork the orc zaps a wand.
You hear a sizzling sound!
The puff of frost hits you!
* * * LOW HITPOINT WARNING * * *
Blork the orc zaps a wand.
The puff of frost hits you!
You die...

...##......###.....##.
###'##..>...###.....###
#......................
#......................
#......................
#......................
#......................
#......................
###+##@##+#####.....##+
#...##.#......#'######.
#.....o#......#.. .'..
#......#......#... #..
#......'......#... #..
#......#......'... #..
#......#......#.. #..
#......#......# #.[
#......#......# ###


You could see Blork the orc.

Vanquished Creatures
  Pikel (D:4)
  3 slaves (D:4)
  3 orc wizards
  A gnoll (D:2)
  A giant mite (D:2)
  A worm (D:3)
  3 adders
  An ooze (D:4)
  6 orcs
  6 bats
  7 giant cockroaches
  10 hobgoblins
  A jackal (D:2)
  3 quokkas
  6 giant newts
  13 goblins
  9 kobolds
  7 rats
82 creatures vanquished.

Vanquished Creatures (others)
  An adder (D:4)
  A worm (D:4)
  A ball python (D:4)
  A goblin (D:4)
4 creatures vanquished.

Grand Total: 86 creatures vanquished

Notes
Turn   | Place    | Note
--------------------------------------------------------------
     0 | D:1      | Kae, the Tengu Fire Elementalist, began the quest for the Orb.
     0 | D:1      | Reached XP level 1. HP: 10/10 MP: 3/3
   935 | D:1      | Reached XP level 2. HP: 15/15 MP: 1/5
  1345 | D:2      | Learned a level 2 spell: Throw Flame
  1364 | D:2      | Reached XP level 3. HP: 3/19 MP: 0/7
  1437 | D:2      | Learned a level 3 spell: Conjure Flame
  1764 | D:2      | Reached skill level 4 in Fire Magic
  2046 | D:2      | Found a snail-covered altar of Cheibriados.
  2425 | D:2      | Reached XP level 4. HP: 24/24 MP: 9/9
  3520 | D:3      | Found an ancient bone altar of Kikubaaqudgha.
  4215 | D:3      | Reached XP level 5. HP: 18/28 MP: 0/11
  4487 | D:4      | Noticed Blork the orc
  4559 | D:4      | Noticed a slave
  4560 | D:4      | Noticed Pikel
  4560 | D:4      | Noticed a slave
  4560 | D:4      | Noticed a slave
  4568 | D:4      | Noticed a slave
  4569 | D:4      | Killed Pikel
  4569 | D:4      | Reached skill level 6 in Conjurations
  4569 | D:4      | Reached XP level 6. HP: 29/32 MP: 5/15
  4569 | D:4      | Reached XP level 7. HP: 32/36 MP: 5/17
  4571 | D:4      | Killed a freed slave
  4574 | D:4      | Killed a freed slave
  4663 | D:4      | Killed a freed slave
  5272 | D:4      | Killed from afar by Blork the orc

Action                   |  1- 3 |  4- 6 |  7- 9 || total
-------------------------+-------+-------+-------++-------
Melee: Unarmed           |    15 |     3 |       ||    18
       Spear             |    74 |    51 |    21 ||   146
 Cast: Flame Tongue      |    15 |    32 |    23 ||    70
       Throw Flame       |     1 |     4 |    13 ||    18
       Conjure Flame     |       |     1 |     4 ||     5
  Use: Scroll            |       |     3 |       ||     3
 Stab: Sleeping          |     5 |     3 |     1 ||     9
       Distracted        |     1 |       |       ||     1
  Eat: Chunk             |     4 |     8 |     3 ||    15
